 Dungeon Crawl Stone Soup version 0.27-a0-1185-ga233589e6f (webtiles) character file.

Game seed: 6186294875935488819

84 DasRunzen the Ducker (level 4, -6/37 HPs)
             Began as a Demigod Gladiator on May 19, 2021.
             Mangled by a gnoll
             ... wielding a +0 spear
              (9 damage)
             ... on level 2 of the Dungeon.
             The game lasted 00:02:24 (2384 turns).

DasRunzen the Ducker (Demigod Gladiator)            Turns: 2384, Time: 00:02:25

Health: -6/37      AC:  4    Str: 19    XL:     4   Next: 3%
Magic:  8/8        EV: 12    Int: 10    God:
Gold:   133        SH:  0    Dex: 15    Spells: 3/5 levels left

rFire    . . .     SeeInvis .   a - +0 trident
rCold    . . .     Faith    .   (no shield)
rNeg     . . .     Spirit   .   b - +0 leather armour
rPois    .         Reflect  .   c - +0 helmet
rElec    .         Harm     .   (no cloak)
rCorr    .         Rampage  .   (no gloves)
Will     .....                  (no boots)
Stlth    +.........             (no amulet)
HPRegen  0.12/turn              (no ring)
MPRegen  0.11/turn              (no ring)

@: no status effects
A: high mp 1, forlorn
a: no special abilities


You were on level 2 of the Dungeon.
You visited 1 branch of the dungeon, and saw 2 of its levels.

You collected 133 gold pieces.

Inventory:

Hand Weapons
 a - a +0 trident (weapon)
Missiles
 d - 3 throwing nets (quivered)
 g - 5 curare-tipped darts
Armour
 b - a +0 leather armour (worn)
 c - a +0 helmet (worn)
Scrolls
 k - a scroll of brand weapon {unknown}
Potions
 e - a potion of magic {unknown}
 f - a potion of curing
 h - a potion of berserk rage {unknown}


   Skills:
 + Level 2.3 Fighting
 + Level 3.1 Polearms
 - Level 1.7 Throwing
 + Level 1.4 Armour
 + Level 3.1 Dodging
 + Level 1.1 Spellcasting
 + Level 0.2 Conjurations


You had 3 spell levels left.
You knew the following spells:

 Your Spells              Type           Power      Damage    Failure   Level
a - Searing Ray           Conj           2%         3d3       50%         2

Your spell library contained the following spells:

 Spells                   Type           Power      Damage    Failure   Level
 Magic Dart               Conj           4%         1d3       36%         1
 Dazzling Flash           Conj/Hex       0%         N/A       75%         3
 Fulminant Prism          Conj/Hex       0%         3d6       98%         4
 Iskenderun's Mystic Bla  Conj/Tloc      0%         2d3       98%         4


Dungeon Overview and Level Annotations

Branches:
Dungeon (2/15)

Shops:
D:1 [


Innate Abilities, Weirdness & Mutations

Your attributes grow dramatically as you level up.
You have an increased reservoir of magic. (+10% MP)
You shall have no god before yourself.


Message History

Your giant cockroach's corpse dissolves into shadows!
Your ball python bites the adder.
Your ball python completely misses the adder.
Reach: a) +0 trident
Press: ? - help, Dir - move target, f - adder
Aim: an adder (heavily wounded, ally target, about 60% to evade your +0 trident)
You reach to attack!
You puncture the adder!
You kill the adder!
You swap places.
Your ball python barely misses the gnoll.
Your ball python grabs the gnoll.
Your ball python constricts the gnoll.
The gnoll closely misses your ball python.
Reach: a) +0 trident
Press: ? - help, Dir - move target, f - gnoll
Aim: a gnoll, wielding a +0 flail (heavily wounded, constricted by your ball python, ally target, about 7% to evade your +0 trident)
You reach to attack!
You puncture the gnoll!
You kill the gnoll!
The gnoll closely misses your ball python.
Your ball python barely misses the gnoll.
Your ball python grabs the gnoll.
Your ball python constricts the gnoll.
You have reached level 4!
The gnoll hits you from afar with a +0 spear.
* * * LOW HITPOINT WARNING * * *
Your ball python completely misses the gnoll.
Your ball python constricts the gnoll.
Reach: a) +0 trident
Press: ? - help, Dir - move target, f - gnoll
Aim: a gnoll, wielding a +0 spear (lightly wounded, constricted by your ball python, ally target, about 7% to evade your +0 trident)
You could not reach far enough!
The gnoll hits you from afar with a +0 spear.
* * * LOW HITPOINT WARNING * * *
Your ball python bites the gnoll.
Your ball python constricts the gnoll.
Reach: a) +0 trident
Press: ? - help, Dir - move target, f/p - gnoll
Aim: a gnoll, wielding a +0 spear (moderately wounded, constricted by your ball python, ally target, about 7% to evade your +0 trident)
You reach to attack!
You hit the gnoll.
The gnoll is heavily wounded.
Your ball python bites the gnoll.
Your ball python constricts the gnoll.
The gnoll hits you from afar with a +0 spear!
You die...

####
...###
.....
##...#
#...# #.#
#@# #S#
#g# #g#
#.# . ...
### #.#
##.
...###..
#.# #..
.......
#†# #.##
#..#.#
##.#####.#
.##.(#.#


You could see 2 gnolls and a friendly ball python (summoned).

Vanquished Creatures
  A gnoll (D:2)
  2 adders (D:2)
  An adder skeleton (D:2)
  2 worms (D:2)
  A dart slug (D:2)
  3 orcs (D:2)
  2 ball pythons (D:1)
  7 bats (D:1)
  4 endoplasms
  2 giant cockroaches (D:1)
  3 goblins (D:2)
  2 hobgoblins (D:1)
  5 jackals (D:2)
  2 quokkas (D:1)
  A frilled lizard (D:1)
  2 kobolds
  A rat (D:1)
41 creatures vanquished.

Vanquished Creatures (others)
  8 fungi (D:1)
  5 toadstools (D:1)
13 creatures vanquished.

Grand Total: 54 creatures vanquished

Notes
Turn   | Place    | Note
-------+----------+-------------------------------------------
     0 | D:1      | DasRunzen the Demigod Gladiator began the quest for the
                  | Orb.
     0 | D:1      | Reached XP level 1. HP: 17/17 MP: 3/3
   577 | D:1      | Reached XP level 2. HP: 24/24 MP: 4/4
   741 | D:1      | Found Kihus's Antique Armour Emporium.
  1596 | D:2      | Reached skill level 1 in Armour
  1603 | D:2      | Reached XP level 3. HP: 20/29 MP: 6/6
  1802 | D:2      | Reached skill level 1 in Spellcasting
  2316 | D:2      | Learned a level 2 spell: Searing Ray
  2382 | D:2      | Reached XP level 4. HP: 8/37 MP: 8/8
  2384 | D:2      | Mangled by a gnoll

Illustrated notes

Levels and vault maps discovered:
D:1:      dpeg_arrival_three_same_balls, layout_basic, serial_shops,
          nicolae_shop_crystal, minmay_gold_behind_fungi
D:2:      minmay_alternating_diamond, layout_loops_cross, uniq_jessica

Skill      XL: |  1  2  3 |
---------------+----------+-----
Fighting       | 2 |  2.3
Polearms       | 3 |  3.1
Armour         | 1 |  1.4
Dodging        | 3 |  3.1
Spellcasting   | 1 |  1.1
Throwing       | |  1.7
Conjurations   | |  0.2

Action                   |  1- 3 |  4- 6 || total
-------------------------+-------+-------++-------
Melee: Trident           |   153 |     1 ||   154
  Use: Scroll            |     4 |       ||     4
 Stab: Sleeping          |     1 |       ||     1
Armor: Leather armour    |    39 |       ||    39
Dodge: Dodged            |    94 |       ||    94

Table legend: (Time is in decaauts)
 A = Elapsed time spent in this place.
 B = Non-inter-level travel time spent in this place.
 C = Inter-level travel time spent in this place.
 D = Time resting spent in this place.
 E = Time spent auto-exploring this place.
 F = Levels seen in this place.
 G = Mean time per level.
                   A        B        C        D        E       F      G
               +--------+--------+--------+--------+--------+-----+--------+
         Total |   2407 |   2357 |     50 |    875 |   1192 |   2 | 1203.5 |
       Dungeon |   2407 |   2357 |     50 |    875 |   1192 |   2 | 1203.5 |
               +--------+--------+--------+--------+--------+-----+--------+

Top non-repeatable levels by time:
     D:1: 1523 daAuts
     D:2: 884 daAuts
